 Dungeon Crawl Stone Soup version 0.21.0-34-g9234887 (webtiles) character file.

3748 Miyamura the Sneak (level 10, -3/61 HPs)
             Began as a Halfling Wanderer on Jan 29, 2018.
             Was a Follower of Hepliaklqana.
             Slain by a two-headed ogre
             ... wielding a +0 giant club
              (20 damage)
             ... on level 8 of the Dungeon.
             The game lasted 00:15:47 (11684 turns).

Miyamura the Sneak (Halfling Wanderer)             Turns: 11684, Time: 00:15:48

Health: -3/61      AC: 11    Str: 17      XL:     10   Next: 37%
Magic:  12/12      EV: 16    Int: 10      God:    Hepliaklqana [*.....]
Gold:   350        SH:  4    Dex: 16 (17) Spells: 12/12 levels left

rFire    . . .     SeeInvis +   a - +2 quarterstaff
rCold    . . .     Gourm    .   (shield currently unavailable)
rNeg     . . .     Faith    .   z - +2 scale mail {rPois}
rPois    +         Spirit   .   (no helmet)
rElec    .         Reflect  +   (no cloak)
rCorr    .         Harm     .   d - +0 pair of gloves
MR       .....                  (no boots)
Stlth    ++........             n - +4 amulet of reflection
HPRegen  0.20/turn              w - ring of see invisible
MPRegen  0.13/turn              C - +3 ring of dexterity

@: no status effects
A: small, reduced essence, mutation resistance 1
a: Recall Ancestor, Ancestor Identity, Renounce Religion


You were on level 8 of the Dungeon.
You worshipped Hepliaklqana.
Hepliaklqana was aware of your devotion.
You were not hungry.

You visited 2 branches of the dungeon, and saw 9 of its levels.

You collected 350 gold pieces.

Inventory:

Hand Weapons
 a - a +2 quarterstaff (weapon)
 b - a +0 falchion
Missiles
 e - 4 exploding tomahawks
 i - 182 stones (quivered)
 k - 164 arrows
 p - 89 sling bullets
 t - 13 tomahawks
 y - 49 bolts
Armour
 d - a +0 pair of gloves (worn)
 z - a +2 scale mail of poison resistance (worn)
Jewellery
 n - a +4 amulet of reflection (around neck)
 w - a ring of see invisible (left hand)
 C - a +3 ring of dexterity (right hand)
 F - an uncursed ring of wizardry
Wands
 u - a wand of enslavement (5)
 v - a wand of polymorph (6)
 I - a wand of iceblast (3)
Scrolls
 c - 5 scrolls of teleportation
 g - 2 scrolls of remove curse
 h - a scroll of enchant armour
 o - a scroll of fog
 q - a scroll of blinking
 s - 4 scrolls of amnesia
 A - 2 scrolls of magic mapping
 J - a scroll of identify
Potions
 l - 2 potions of might
 m - a potion of brilliance
 r - 2 potions of heal wounds
 x - a potion of flight
 B - a potion of invisibility
 D - a potion of haste
 E - a potion of ambrosia
Books
 j - a book of Necromancy

   Spells                             Type                      Level
   a - Pain                           Necromancy                   1
   b - Animate Skeleton               Necromancy                   1
   c - Vampiric Draining              Necromancy                   3
   d - Regeneration                   Charms/Necromancy            3
   e - Animate Dead                   Necromancy                   4
   f - Borgnjor's Vile Clutch         Necromancy/Earth             5
 G - a book of Conjurations

   Spells                             Type                      Level
   a - Magic Dart                     Conjuration                  1
   b - Searing Ray                    Conjuration                  2
   c - Dazzling Spray                 Conjuration/Hexes            3
   d - Fulminant Prism                Conjuration/Hexes            4
   e - Force Lance                    Conjuration/Translocation    4
   f - Iskenderun's Mystic Blast      Conjuration                  4
 H - the Handbook of Mutagenic Evil Arts
   (You found it on level 8 of the Dungeon)

   Spells                             Type                      Level
   a - Pain                           Necromancy                   1
   b - Spider Form                    Transmutation/Poison         3
   c - Petrify                        Transmutation/Earth          4
   d - Agony                          Necromancy                   5
   e - Statue Form                    Transmutation/Earth          6
Comestibles
 f - 17 rations
 K - 2 chunks of flesh


   Skills:
 + Level 5.6 Fighting
 + Level 6.3 Staves
 + Level 6.8 Armour
 + Level 7.0 Dodging
 + Level 7.6 Stealth
 - Level 1.5 Spellcasting
   Level 1.1 Charms
 - Level 1.0 Evocations


You had 12 spell levels left.
You didn't know any spells.

Dungeon Overview and Level Annotations

Branches:
Dungeon (8/15)             Temple (1/1) D:6            Lair (0/6) D:8

Altars:
Ashenzari
Cheibriados
Dithmenos
Elyvilon
Fedhas
Gozag
Hepliaklqana
Kikubaaqudgha
Makhleb
Nemelex Xobeh
Okawaru
Qazlal
Ru
Sif Muna
Trog
Uskayaw
Vehumet
Xom
Yredelemnul
Zin
The Shining One

Shops:
D:4 %

Annotations:
D:3 Mirai's ghost, amateur DECj


Innate Abilities, Weirdness & Mutations

You are small and have problems with some larger weapons.
You are somewhat resistant to further mutation.
Your life essence is reduced to manifest your ancestor. (-10% HP)


Message History

You barely miss the two-headed ogre.
The two-headed ogre is moderately wounded.
The two-headed ogre misses you.
The two-headed ogre hits you with a giant club!
You thump the two-headed ogre!
The two-headed ogre is moderately wounded.
The two-headed ogre barely misses you. The two-headed ogre misses you.
You sock the two-headed ogre!
The two-headed ogre is heavily wounded.
You completely miss the two-headed ogre.
The two-headed ogre is heavily wounded.
The two-headed ogre hits you with a giant club! x2
You thump the two-headed ogre!
The two-headed ogre is severely wounded.
The two-headed ogre hits you with a giant club!
The two-headed ogre hits you but does no damage.
You hit the two-headed ogre.
The two-headed ogre is severely wounded.
The two-headed ogre hits you with a giant club!!
You die...

..'...÷.'...# ###.....###.###
###########...###################
.................................
......#######...################.
.####.# #....##.##....# #. .# #.#
#....##.##....# #. .#
#.###.....#.##....# #. .#
#.##.§......@#....# #. .#
#.##.§≈≈§....O....# #. .#
#.##.≈.§§§§..#....# ##'
.####.##.≈≈§§§≈≈§###'#### #..
>........z≈.>§§≈........# #..
########.z≈≈..§..###.##.## #..
##..≈§≈≈≈≈§# #.##..# #..
#..§.≈≈≈§§.# #.###'#### #..
#####..........# #.##.....# #..


You could see a two-headed ogre.

Vanquished Creatures
  4 hogs
  A human (D:8)
  A wyvern (D:8)
  A water moccasin (D:8)
  A hell hound (D:8)
  Duvessa (D:4)
  An ice beast (D:7)
  2 black bears
  An orc warrior (D:7)
  An ogre (D:6)
  A necrophage (D:6)
  3 sky beasts (D:7)
  2 centaurs
  Dowan (D:4)
  A gnoll sergeant (D:8)
  3 scorpions
  5 wights (D:8)
  A howler monkey (D:4)
  2 crimson imps
  2 orc priests (D:4)
  A jelly (D:5)
  A quasit (D:8)
  A centaur skeleton (D:6)
  A hound (D:4)
  4 orc wizards
  2 iguanas
  3 worker ants
  A worker ant zombie (D:5)
  2 gnolls (D:6)
  A howler monkey skeleton (D:7)
  13 adders
  2 oozes
  3 adder skeletons
  3 dart slugs
  3 leopard geckos
  32 orcs
  3 bats (D:2)
  5 giant cockroaches
  8 goblins
  6 hobgoblins
  14 jackals
  11 kobolds
  5 quokkas
  2 ball pythons
  A quokka zombie (D:8)
  5 rats (D:3)
168 creatures vanquished.

Vanquished Creatures (collateral kills)
  A hippogriff (D:7)
  A hell hound (D:8)
  A bullfrog (D:7)
  A bullfrog skeleton (D:8)
  An iguana (D:8)
  An orc (D:7)
  A quokka (D:7)
7 creatures vanquished.

Vanquished Creatures (others)
  A bullfrog skeleton (D:4)
  3 ancestors
4 creatures vanquished.

Grand Total: 179 creatures vanquished

Notes
Turn   | Place    | Note
-------+----------+-------------------------------------------
     0 | D:1      | Miyamura the Halfling Wanderer began the quest for the Orb.
     0 | D:1      | Miyamura set off with: a +2 quarterstaff, a +0 falchion, a scroll of teleportation, a +0 robe, a ration
     0 | D:1      | Reached XP level 1. HP: 11/11 MP: 3/3
   242 | D:1      | Reached XP level 2. HP: 14/17 MP: 4/4
   835 | D:1      | Reached XP level 3. HP: 20/22 MP: 5/5
   978 | D:1      | Reached skill level 1 in Armour
  1535 | D:2      | Reached skill level 1 in Fighting
  1850 | D:2      | Reached XP level 4. HP: 22/28 MP: 6/6
  2824 | D:3      | Reached XP level 5. HP: 33/33 MP: 7/7
  2890 | D:3      | Noticed Mirai's ghost (amateur DECj)
  3834 | D:3      | Reached XP level 6. HP: 30/39 MP: 8/8
  4301 | D:4      | Found Yssunean's Food Boutique.
  4990 | D:4      | Found a shattered altar of Ashenzari.
  5106 | D:4      | Noticed Dowan
  5108 | D:4      | Noticed Duvessa
  5246 | D:4      | Reached XP level 7. HP: 41/45 MP: 9/9
  5530 | D:4      | Killed Duvessa
  6015 | D:4      | Found a sparkling altar of Nemelex Xobeh.
  6016 | D:4      | Found an opulent altar of Gozag.
  6233 | D:4      | Killed Dowan
  6639 | D:5      | Entered Level 5 of the Dungeon
  6660 | D:5      | Reached XP level 8. HP: 33/52 MP: 10/10
  7333 | D:5      | Found an iron altar of Okawaru.
  7512 | D:6      | Reached skill level 5 in Stealth
  7809 | D:6      | Reached skill level 5 in Staves
  8075 | D:6      | Found a staircase to the Ecumenical Temple.
  8132 | Temple   | Entered the Ecumenical Temple
  8430 | Temple   | Became a worshipper of Hepliaklqana the Forgotten
  8636 | D:7      | Reached skill level 5 in Dodging
  8695 | D:7      | Reached XP level 9. HP: 42/51 MP: 11/11
  8754 | D:7      | Noticed a hippogriff
  8764 | D:7      | Killed a hippogriff
  8764 | D:7      | Reached skill level 5 in Armour
  9140 | D:7      | Found an ancient bone altar of Kikubaaqudgha.
  9338 | D:7      | Found a radiant altar of Vehumet.
  9838 | D:8      | Found a staircase to the Lair.
 10129 | D:8      | Reached skill level 5 in Fighting
 10385 | D:7      | Reached XP level 10. HP: 50/59 MP: 12/12
 10669 | D:8      | Noticed a two-headed ogre
 10737 | D:8      | Noticed a two-headed ogre
 10742 | D:8      | Reached * piety under Hepliaklqana
 11473 | D:8      | Identified the Handbook of Mutagenic Evil Arts
 11684 | D:8      | Slain by a two-headed ogre

Skill      XL: |  1  2  3  4  5  6  7  8  9 10 |
---------------+-------------------------------+-----
Armour         | 1 2 3 4 6 |  6.8
Fighting       | 1 2 3 4 5 |  5.6
Stealth        | 2 3 4 5 7 |  7.6
Dodging        | 2 3 4 5 6 7 |  7.0
Staves         | 4 5 6 |  6.3
Spellcasting   | |  1.5
Charms         | |  1.1
Evocations     | |  1.0

Action                   |  1- 3 |  4- 6 |  7- 9 | 10-12 || total
-------------------------+-------+-------+-------+-------++-------
Melee: Quarterstaff      |    91 |   228 |   286 |    98 ||   703
Invok: Ancestor Identity |       |       |     1 |       ||     1
Evoke: Wand              |       |       |    10 |       ||    10
  Use: Potion            |       |     7 |     2 |       ||     9
       Scroll            |       |       |    13 |     4 ||    17
 Stab: Sleeping          |     2 |     4 |     3 |     1 ||    10
  Eat: Chunk             |     3 |    11 |    13 |     1 ||    28
       Ration            |       |       |     1 |     1 ||     2
Armor: Robe              |     7 |     7 |       |       ||    14
       Skin              |       |    11 |       |       ||    11
       Ring mail         |       |    28 |     8 |       ||    36
       Scale mail        |       |       |    77 |    22 ||    99
Dodge: Dodged            |    75 |   144 |   162 |    75 ||   456
Block: Other             |     3 |    45 |    46 |    11 ||   105
       Reflection        |       |       |     1 |       ||     1
